 Dungeon Crawl Stone Soup version 0.21.0-25-ge575cb9 (webtiles) character file.

120 Mgcat the Ruffian (level 4, -3/35 HPs)
             Began as a Draconian Transmuter on Jan 23, 2018.
             Killed from afar by Natasha (4 damage)
             ... with a magic dart
             ... on level 3 of the Dungeon.
             The game lasted 00:05:55 (2665 turns).

Mgcat the Ruffian (Draconian Transmuter)            Turns: 2665, Time: 00:05:56

Health: -3/35      AC:  6    Str: 12 (13) XL:     4   Next: 75%
Magic:  7/7        EV: 12    Int: 12 (14) God:
Gold:   121        SH:  0    Dex:  9 (11) Spells: 1/7 levels left

rFire    . . .     SeeInvis .     - Unarmed
rCold    . . .     Gourm    .   (no shield)
rNeg     . . .     Faith    .   (armour unavailable)
rPois    .         Spirit   .   (helmet restricted)
rElec    .         Reflect  .   (no cloak)
rCorr    .         Harm     .   (no gloves)
MR       .....                  q - +0 pair of boots
Stlth    +.........             (no amulet)
HPRegen  0.11/turn              (no ring)
MPRegen  0.10/turn              (no ring)

@: very slightly contaminated, slowed, very slow
A: unfitting armour, cold-blooded, AC +5
a: no special abilities


You were on level 3 of the Dungeon.
You were not hungry.

You visited 1 branch of the dungeon, and saw 3 of its levels.

You collected 121 gold pieces.

Inventory:

Hand Weapons
 k - a cursed -1 blowgun
Missiles
 a - 12 arrows
 v - 7 poisoned needles
Armour
 q - a +0 pair of boots (worn)
Scrolls
 e - 3 scrolls of identify {unknown}
 f - 2 scrolls of remove curse {unknown}
 g - 2 scrolls of teleportation {unknown}
 j - a scroll of fog {unknown}
 m - a scroll of immolation {unknown}
 r - a scroll of enchant weapon {unknown}
 s - a scroll of amnesia {unknown}
Potions
 i - a potion of mutation {unknown}
 l - a potion of haste {unknown}
 n - 3 potions of degeneration
 o - a potion of curing {unknown}
 p - a potion of flight {unknown}
 t - a potion of invisibility {unknown}
 u - a potion of resistance
Books
 b - a book of Changes

   Spells                             Type                      Level
   a - Beastly Appendage              Transmutation                1
   b - Sticks to Snakes               Transmutation                2
   c - Spider Form                    Transmutation/Poison         3
   d - Ice Form                       Ice/Transmutation            4
   e - Blade Hands                    Transmutation                5
Comestibles
 c - 5 rations


   Skills:
 - Level 1.1 Fighting
 - Level 1.7 Dodging
 + Level 5.5 Unarmed Combat
 - Level 2.0 Spellcasting
 - Level 2.0 Transmutations


You had one spell level left.
You knew the following spells:

 Your Spells              Type           Power        Failure   Level  Hunger
a - Beastly Appendage     Tmut           #.....       12%         1    ##.....
b - Sticks to Snakes      Tmut           #.......     19%         2    ###....
c - Spider Form           Tmut/Pois      #.........   47%         3    ####...


Dungeon Overview and Level Annotations

Branches:
Dungeon (3/15)

Altars:

Annotations:
D:3 Natasha


Innate Abilities, Weirdness & Mutations

Your plain brown scales are hard. (AC +5)
You cannot fit into any form of body armour.
You are cold-blooded and may be slowed by cold attacks.


Message History

You feel yourself slow down.
Natasha drinks a potion.
Natasha seems to grow stronger.
Natasha stares at you and mumbles some strange words.
You resist with some effort. Natasha closely misses you.
The hobgoblin throws a stone.
The stone hits you.
* * * LOW HITPOINT WARNING * * *
Natasha claws you!
* * * LOW HITPOINT WARNING * * *
You see here a stone.
Natasha stares at you and mumbles some strange words.
You feel as though you will be slow longer.
Natasha wildly gestures.
You feel troubled.
Natasha stares at you and mumbles some strange words.
You feel as though you will be slow longer.
There is a stone staircase leading up here.
Natasha stares at you and mumbles some strange words.
The magic dart hits you!
You die...

##># #.##.# #.#
#.##.# #.# #.##..
########.#####(##..
#........##...(.(..
#........##....###.
#..................
#...(....##...#####
#.@h.g........#
#.............#
#........##...#
#........##...#
###########...#
#####


You could see Natasha and a hobgoblin.

Vanquished Creatures
  Natasha (D:3)
  5 adders
  An ooze (D:1)
  A dart slug (D:1)
  2 leopard geckos
  An orc (D:2)
  3 giant cockroaches (D:1)
  2 goblins
  5 hobgoblins
  2 jackals
  5 kobolds
  A ball python (D:3)
  7 bats
  2 frilled lizards (D:1)
  6 rats
44 creatures vanquished.

Notes
Turn   | Place    | Note
-------+----------+-------------------------------------------
     0 | D:1      | Mgcat the Draconian Transmuter began the quest for the Orb.
     0 | D:1      | Reached XP level 1. HP: 16/16 MP: 3/3
   350 | D:1      | Reached XP level 2. HP: 16/23 MP: 5/5
   363 | D:1      | HP: 1/23 [ooze (1)]
   826 | D:1      | Reached skill level 4 in Unarmed Combat
  1365 | D:2      | Reached XP level 3. HP: 28/28 MP: 6/6
  1415 | D:2      | Learned a level 2 spell: Sticks to Snakes
  1419 | D:2      | Learned a level 3 spell: Spider Form
  2162 | D:3      | Noticed Natasha
  2208 | D:2      | Reached XP level 4. HP: 32/35 MP: 7/7
  2254 | D:3      | Reached skill level 5 in Unarmed Combat
  2325 | D:3      | Killed Natasha
  2644 | D:3      | Noticed Natasha
  2662 | D:3      | HP: 1/35 [Natasha (8)]
  2665 | D:3      | Killed from afar by Natasha

Skill      XL: |  1  2  3  4 |
---------------+-------------+-----
Unarmed Combat | 4 5 |  5.5
Fighting       | |  1.1
Dodging        | |  1.7
Spellcasting   | |  2.0
Transmutations | |  2.0

Action                   |  1- 3 |  4- 6 || total
-------------------------+-------+-------++-------
Melee: Unarmed           |   142 |    45 ||   187
       Tailslap          |    15 |     5 ||    20
  Use: Potion            |       |     3 ||     3
       Scroll            |       |     1 ||     1
  Eat: Chunk             |     4 |     2 ||     6
Armor: Skin              |    61 |     6 ||    67
Dodge: Dodged            |   101 |    37 ||   138
